Map: Paladino Terminal LE

Players

FatBoiXXL - Winner!

  • Race: Zerg Zerg
  • League: Gold
  • Spawn Location: 9:00

saracen

  • Race: Terran Terran
  • Spawn Location: 5:00

VOD

Have the link to the VOD?

Description

Time

  • Played on: April 12, 2017, 5:38 p.m.
  • Length: 59:15
Show
View Real Time Build Order
Export as new Build Order

FatBoiXXL Zerg - Winner!

Build Orders: Hatch First 

Get SALT Encoding   

  12  0:02  Drone  
  13  0:09  Drone  
  14  0:19  Overlord  
  14  0:24  Extractor  
  14  0:25  Drone  
  15  0:38  Drone  
  16  0:50  Drone x2  
  18  1:07  Hatchery  
  17  1:15  Spawning Pool  
  16  1:25  Extractor, Drone x3  
  18  1:51  Overlord  
  18  2:03  Queen  
  20  2:11  Drone x3  
  23  2:16  Extractor  
  22  2:29  Drone x2  
  24  2:31  Queen  
  24  2:34  Overlord  
  24  2:36  Overlord  
  26  2:56  Lair  
  26  3:08  Drone x6  
  32  3:24  Spine Crawler  
  32  3:34  Zergling x10  
  36  3:56  Spire  
  36  4:00  Overseer  
  35  4:03  Drone x3  
  35  4:04  Drone  
  39  4:11  Overseer  
  39  4:13  Drone x3  
  42  4:18  Extractor  
  41  4:30  Spine Crawler  
  35  4:54  Drone x2  
  35  4:55  Drone x7  
  44  5:33  Extractor  
  43  5:35  Mutalisk x2  
  43  5:36  Mutalisk x2  
  43  5:39  Overlord  
  43  5:42  Overlord  
  48  6:12  Spine Crawler  
  47  6:21  Mutalisk x3  
  47  6:22  Mutalisk x2  
  57  6:34  Zergling x14  
  64  6:42  Spine Crawler  
  63  7:09  Hatchery  
  52  7:44  Mutalisk x3  
  52  7:45  Mutalisk x5  
  68  8:21  Overlord  
  68  8:22  Overlord x8  
  68  8:23  Overlord  
  68  8:28  Queen  
  70  8:43  Drone x5  
  75  8:49  Zerg Flyer Weapons Level 1  
  75  8:51  Metabolic Boost  
  75  8:56  Baneling Nest  
  74  9:03  Queen  
  74  9:06  Mutalisk x3  
  74  9:07  Mutalisk x3  
  88  9:26  Drone x2  
  88  9:27  Drone x6  
  94  10:27  Zergling x2  
  94  10:28  Zergling x14  
  101  10:29  Zergling x4  
  104  10:39  Spine Crawler  
  104  10:41  Spine Crawler  
  104  10:42  Drone x3  
  105  10:43  Spine Crawler  
  104  11:03  Queen  
  106  11:09  Hatchery  
  103  11:29  Zergling x10  
  103  11:30  Zergling x14  
  103  11:31  Zergling x6  
  118  11:52  Zerg Flyer Weapons Level 2  
  118  11:53  Evolution Chamber  
  117  11:59  Spine Crawler  
  116  12:05  Evolution Chamber  
  115  12:11  Baneling x6  
  115  12:12  Baneling x6  
  115  12:13  Baneling x2  
  115  12:42  Drone x5  
  115  12:43  Drone x3  
  123  12:44  Queen  
  125  12:51  Mutalisk  
  125  12:52  Mutalisk x7  
  125  12:53  Mutalisk x6  
  153  13:11  Extractor  
  152  13:13  Extractor  
  151  13:23  Extractor  
  151  13:24  Extractor  
  50  14:59  Mutalisk x3  
  46  15:00  Mutalisk x6  
  46  15:01  Mutalisk x7  
  76  16:11  Zerg Flyer Armor Level 1  
  76  16:15  Zerg Melee Weapons Level 1  
  76  16:17  Zerg Ground Armor Level 1  
  76  16:39  Hatchery  
  75  16:45  Hatchery  
  74  16:52  Queen, Hatchery  
  74  16:53  Queen x2  
  79  16:58  Zergling x10  
  79  16:59  Zergling x16  
  79  17:00  Zergling x14  
  79  17:01  Zergling x8  
  103  17:28  Queen x3  
  109  17:51  Queen  
  109  17:58  Extractor  
  110  18:09  Zerg Missile Weapons Level 1  
  71  19:48  Mutalisk x5  
  71  19:49  Mutalisk x5  
  91  20:02  Roach Warren  
  76  20:48  Zergling x6  
  76  20:49  Zergling x16  
  88  20:50  Zergling x16  
  88  20:51  Zergling x10  
  100  20:58  Queen  
  102  21:33  Zerg Missile Weapons Level 2  
  102  21:35  Zerg Melee Weapons Level 2  
  102  21:36  Zerg Flyer Armor Level 2  
  102  21:46  Infestation Pit  
  101  21:51  Drone x3  
  95  22:26  Queen  
  95  22:29  Drone  
  99  22:30  Drone x4  
  99  22:33  Roach x3  
  99  22:34  Roach x7  
  99  22:35  Roach x7  
  99  22:36  Roach x8  
  99  22:37  Roach  
  154  22:38  Roach  
  154  22:40  Zergling x2  
  157  22:51  Queen  
  157  22:55  Overlord x5  
  159  23:01  Hive  
  159  23:02  Queen  
  161  23:32  Baneling x6  
  161  23:33  Baneling x6  
  161  23:34  Baneling x3  
  161  23:35  Baneling  
  74  24:48  Roach x6  
  74  24:49  Roach x7  
  74  24:50  Roach x6  
  74  24:51  Roach  
  106  25:15  Drone x4  
  106  25:16  Drone x6  
  68  27:08  Queen  
  69  28:25  Spine Crawler  
  68  28:27  Hatchery, Spine Crawler  
  66  28:50  Spine Crawler  
  66  28:53  Burrow  
  65  28:58  Spine Crawler  
  64  29:02  Spore Crawler  
  64  29:05  Spore Crawler  
  62  29:23  Hatchery  
  61  29:38  Mutalisk x4  
  61  29:39  Mutalisk x7  
  61  29:40  Mutalisk x7  
  61  29:41  Mutalisk x7  
  61  29:42  Mutalisk  
  99  31:42  Drone x3  
  99  31:46  Queen  
  104  31:57  Queen  
  104  31:59  Drone x3  
  109  32:03  Roach x2  
  109  32:04  Roach  
  115  32:30  Spore Crawler  
  115  32:33  Spine Crawler  
  113  33:14  Roach  
  113  33:15  Roach x7  
  113  33:16  Roach  
  113  33:19  Ravager x2  
  127  34:16  Roach x2  
  127  34:17  Roach x3  
  137  34:33  Ultralisk Cavern  
  134  35:41  Ultralisk x4  
  134  35:42  Ultralisk x3  
  176  35:45  Roach  
  178  35:52  Extractor  
  178  35:54  Extractor  
  176  36:04  Extractor  
  176  36:07  Extractor  
  174  36:18  Chitinous Plating  
  94  38:27  Roach x6  
  98  38:28  Roach x3  
  76  39:08  Drone x3  
  79  39:18  Roach x7  
  79  39:19  Roach x6  
  79  39:20  Roach x2  
  79  39:23  Zergling x2  
  79  39:24  Zergling x6  
  113  39:46  Drone  
  113  39:47  Drone x2  
  110  40:25  Queen  
  83  41:29  Hatchery  
  82  41:56  Extractor  
  82  42:00  Extractor  
  80  42:05  Zergling x6  
  80  42:06  Zergling x14  
  80  42:07  Zergling x4  
  92  42:17  Zerg Missile Weapons Level 3  
  92  42:19  Zerg Melee Weapons Level 3  
  92  42:21  Zerg Flyer Armor Level 3  
  53  44:36  Mutalisk x7  
  53  44:37  Mutalisk x6  
  53  44:38  Mutalisk x2  
  81  44:41  Drone  
  81  44:42  Drone  
  85  44:52  Spore Crawler  
  84  44:58  Zerg Flyer Weapons Level 3  
  74  45:23  Drone x2  
  76  45:50  Queen  
  76  45:54  Queen  
  80  46:01  Drone x3  
  83  46:31  Queen  
  85  46:40  Queen  
  87  47:11  Drone x2  
  87  47:12  Drone x4  
  93  47:24  Queen  
  93  47:26  Drone x3  
  98  47:33  Pathogen Glands  
  98  47:36  Glial Reconstitution  
  98  47:43  Zerg Ground Armor Level 2  
  98  47:46  Centrifical Hooks  
  98  48:17  Ultralisk x3  
  98  48:18  Ultralisk  
  122  48:27  Drone x3  
  123  48:28  Drone  
  123  48:29  Neural Parasite  
  101  51:15  Ultralisk  
  101  51:16  Ultralisk x3  
  101  51:17  Ultralisk, Mutalisk x5  
  141  52:26  Drone x2  
  141  52:27  Drone x3  
  146  52:59  Hatchery  
  115  53:25  Ultralisk x3  
  115  53:26  Ultralisk x3  
  115  53:27  Ultralisk  
  157  53:28  Mutalisk x2  
  157  53:31  Queen  
  163  53:50  Queen  
  122  55:16  Ultralisk x6  
  122  55:17  Ultralisk x3  
  174  55:52  Drone x3  
  173  57:01  Mutalisk x7  
  173  57:02  Mutalisk x2  
  191  57:12  Hydralisk Den  
Show
View Real Time Build Order
Export as new Build Order

saracen Terran 

Build Orders:  

Get SALT Encoding   

  12  0:01  SCV  
  13  0:13  SCV  
  14  0:20  Supply Depot  
  14  0:26  SCV  
  15  0:32  Refinery  
  15  0:44  Barracks  
  15  0:47  SCV  
  16  1:04  Refinery  
  16  1:16  SCV  
  17  1:29  SCV  
  18  1:34  Supply Depot  
  18  1:35  Marine  
  19  1:41  SCV  
  20  1:53  Marine  
  21  2:00  Supply Depot  
  21  2:06  Factory  
  21  2:08  Orbital Command  
  21  2:13  Marine  
  22  2:38  SCV  
  23  2:54  Starport  
  23  2:55  Factory Reactor  
  23  3:03  Supply Depot  
  23  3:04  SCV  
  24  3:05  Marine  
  25  3:19  SCV  
  26  3:24  Engineering Bay  
  26  3:31  Hellion  
  26  3:32  Hellion  
  30  3:43  Barracks  
  30  3:45  SCV  
  31  3:57  Armory  
  31  4:16  Missile Turret  
  31  4:38  Missile Turret  
  29  4:55  Hellion x2  
  33  5:00  Barracks Tech Lab, Missile Turret  
  33  5:01  Marine  
  33  5:05  Factory  
  33  5:06  Medivac  
  36  5:10  SCV  
  37  5:17  Hellion x2  
  37  5:18  Marine  
  42  5:22  SCV  
  42  5:26  Stimpack  
  43  5:36  Marine  
  43  5:37  Command Center  
  43  5:38  Terran Vehicle Weapons Level 1  
  38  6:13  Viking  
  38  6:18  Factory Tech Lab  
  40  6:20  Hellion x2  
  40  6:21  Marine x2  
  46  6:25  Terran Infantry Armor Level 1  
  46  6:38  Missile Turret, Marine  
  46  6:39  Missile Turret  
  47  6:43  Missile Turret  
  47  6:46  Missile Turret  
  47  6:48  Marine  
  40  7:46  Missile Turret  
  40  8:06  Missile Turret  
  40  8:08  Hellion x2  
  44  8:26  Missile Turret  
  44  8:29  Hellion  
  44  8:30  Hellion  
  48  8:40  Missile Turret x2  
  48  8:41  Starport Reactor  
  48  8:43  Missile Turret x2  
  48  8:45  Missile Turret  
  48  8:46  Missile Turret x2  
  48  8:51  Hellion x2  
  48  8:54  Starport  
  52  9:07  Siege Tank  
  55  9:12  Hellion  
  57  9:19  SCV  
  57  9:20  Refinery  
  58  9:32  SCV  
  59  9:44  SCV  
  50  10:20  Orbital Command  
  50  10:31  Thor  
  56  10:37  Viking x2  
  60  10:49  Supply Depot  
  60  10:51  Supply Depot  
  60  10:52  Supply Depot  
  60  10:53  Liberator  
  60  11:02  Marine x2  
  65  11:13  Supply Depot  
  65  11:14  Supply Depot, Thor  
  69  11:20  Marine x2  
  71  11:35  Viking x2  
  71  11:38  Marine  
  76  11:42  SCV  
  77  11:54  SCV  
  77  11:56  Hellion x2, Thor  
  77  11:59  Concussive Shells  
  88  12:17  Hellion x2  
  88  12:18  Starport Tech Lab  
  88  12:21  Terran Ship Weapons Level 1  
  92  12:30  Command Center  
  92  12:31  Marine x2  
  92  12:33  Terran Infantry Armor Level 2  
  94  12:38  Viking  
  96  12:55  Thor  
  102  13:05  Supply Depot  
  102  13:06  Supply Depot  
  102  13:26  Marine x2  
  96  14:15  Marauder  
  83  14:36  Marauder  
  69  14:57  Marine, Marauder  
  72  15:14  Marine  
  72  15:15  Raven  
  72  15:16  Medivac x2  
  72  15:19  Marauder  
  81  15:23  Terran Ship Weapons Level 2  
  81  15:26  Command Center  
  81  15:32  Marine  
  82  15:39  Marine  
  73  15:50  Marine  
  73  15:54  Siege Tank  
  75  15:57  Marine  
  76  16:26  Siege Tank  
  79  16:40  Orbital Command  
  79  16:58  Siege Tank  
  74  17:53  Thor  
  80  18:06  Planetary Fortress  
  78  18:14  Missile Turret x2  
  78  18:16  Missile Turret  
  78  18:17  Missile Turret  
  78  18:18  Missile Turret  
  77  18:25  Marine x2  
  79  18:34  Missile Turret  
  79  18:42  Thor  
  79  18:43  Marine x2  
  87  19:00  Marine  
  87  19:01  Marine  
  89  19:04  Thor  
  81  19:18  Marine  
  81  19:19  Marine  
  83  19:29  SCV  
  84  19:33  Thor  
  90  19:41  SCV  
  85  19:53  SCV  
  85  19:58  Missile Turret  
  86  20:01  Missile Turret x2  
  86  20:03  Missile Turret  
  86  20:05  Missile Turret, SCV  
  87  20:15  SCV  
  87  20:16  Thor  
  94  20:28  SCV  
  95  20:40  SCV  
  96  20:52  SCV  
  96  20:56  Refinery  
  97  20:59  Siege Tank  
  100  21:08  Marine x2  
  102  21:26  Marine x2  
  102  21:31  Siege Tank  
  107  21:44  Marine x2  
  109  21:54  Refinery  
  109  22:02  Marine  
  101  22:24  Marine x2  
  101  22:29  Medivac x2  
  107  22:32  Viking  
  109  22:42  Marine x2  
  111  22:48  Refinery  
  111  22:59  Viking, Marine  
  111  23:00  Marine  
  111  23:02  Viking  
  117  23:17  Marine  
  117  23:18  Marine  
  119  23:24  Command Center  
  119  23:35  Marine x2  
  121  23:53  Marine x2  
  123  24:11  Marine x2  
  89  24:29  Marine x2  
  89  24:45  Thor  
  89  24:46  Marine  
  89  24:47  Marine  
  89  24:48  Viking x2  
  95  25:04  Marine x2  
  89  25:13  Medivac  
  89  25:15  SCV  
  90  25:22  Marine x2  
  92  25:28  Thor  
  92  25:34  Refinery  
  98  25:38  Missile Turret x2  
  98  25:40  Marine x2  
  100  25:43  Medivac  
  93  26:11  Thor  
  91  26:56  SCV  
  92  27:03  Supply Depot  
  92  27:08  SCV  
  93  27:20  SCV  
  94  27:26  Planetary Fortress, Supply Depot  
  94  27:32  SCV  
  95  27:40  Missile Turret  
  95  27:42  Missile Turret  
  95  27:44  SCV  
  95  27:50  Supply Depot  
  96  28:13  Supply Depot  
  96  28:27  SCV  
  96  28:32  Marine x2  
  99  28:38  Supply Depot  
  99  28:39  SCV  
  100  28:50  Marine x2  
  100  28:51  SCV  
  103  29:00  Supply Depot  
  103  29:03  SCV  
  103  29:07  Marine  
  103  29:08  Marine  
  106  29:23  Supply Depot  
  106  29:25  Marine x2  
  108  29:35  SCV  
  109  29:43  Marine x2  
  109  29:44  Missile Turret  
  111  29:46  Supply Depot  
  111  29:47  SCV  
  113  30:00  SCV  
  113  30:01  Marine x2  
  113  30:04  Missile Turret  
  115  30:12  SCV  
  116  30:24  SCV  
  116  30:27  Missile Turret  
  96  30:36  SCV  
  96  30:38  Medivac x2  
  96  30:40  Marine x2  
  95  30:44  Terran Infantry Weapons Level 1  
  95  30:48  SCV  
  96  30:57  Marine  
  96  30:58  Marine  
  96  30:59  Viking  
  90  31:15  Marine x2  
  88  31:29  Viking  
  90  31:33  Marine x2  
  90  31:39  Missile Turret  
  92  31:40  Missile Turret  
  92  31:41  Missile Turret  
  92  31:48  Viking x2  
  92  31:51  Marine  
  92  31:52  SCV  
  98  31:59  Viking  
  100  32:04  SCV  
  101  32:17  SCV  
  102  32:29  SCV  
  103  32:41  SCV  
  104  32:53  SCV  
  105  33:03  Liberator  
  105  33:16  Viking x2  
  109  33:23  Marine  
  109  33:24  Marine  
  114  33:41  Marine x2  
  114  33:46  Viking x2  
  102  33:59  Marine x2  
  104  34:03  Raven, SCV  
  107  34:15  SCV  
  107  34:16  Viking x2  
  112  34:17  Marine x2  
  114  34:27  SCV  
  114  34:28  Liberator  
  114  34:29  Liberator x2  
  115  34:34  Marine  
  115  34:35  Marine  
  117  34:39  SCV, Command Center  
  118  34:52  Marine  
  124  34:53  Marine  
  123  35:10  Marine x2  
  123  35:11  Liberator  
  119  35:28  Marine x2  
  119  35:29  Refinery, Viking x2  
  119  35:31  Refinery  
  128  35:46  Marine x2  
  130  36:04  Marine x2  
  132  36:21  Marine  
  132  36:24  Missile Turret  
  133  36:25  Viking  
  133  36:26  Viking  
  133  36:27  Marine  
  138  36:34  Missile Turret  
  138  36:35  Missile Turret  
  138  36:36  Missile Turret  
  138  36:37  Missile Turret  
  138  36:38  Missile Turret  
  138  36:39  Marine  
  139  36:45  Missile Turret, Marine  
  140  36:56  Missile Turret  
  140  36:57  Missile Turret, Marine  
  140  37:00  Missile Turret  
  141  37:03  Marine  
  141  37:05  Missile Turret  
  141  37:15  Marine  
  130  37:25  Missile Turret  
  130  37:45  Missile Turret  
  130  37:47  Siege Tank  
  131  38:07  Missile Turret  
  126  38:15  Liberator x2  
  126  38:19  Siege Tank  
  123  38:29  Refinery, Marine x2  
  119  38:47  Liberator, Marine x2  
  113  38:51  Siege Tank  
  103  38:57  Liberator  
  103  38:58  Liberator  
  98  39:05  Marine  
  108  39:23  Siege Tank  
  111  39:40  Command Center  
  111  39:55  Siege Tank  
  97  41:18  Marine  
  97  41:19  Marine  
  99  41:36  Marine x2  
  101  41:52  Missile Turret  
  101  41:54  Missile Turret x2, Marine x2  
  101  41:55  Missile Turret  
  103  42:11  Missile Turret  
  103  42:12  Marine  
  103  42:13  Marauder  
  106  42:30  Marine  
  106  42:34  Marauder  
  109  42:48  Marine  
  110  42:55  Marine  
  111  43:05  Marine  
  83  44:18  Liberator x3  
  83  44:20  Marine x2  
  85  44:38  Marine x2  
  95  44:45  Cyclone x2  
  102  44:56  Marine x2  
  102  44:58  Barracks  
  104  45:00  Liberator  
  104  45:01  Liberator x2  
  104  45:13  Marine  
  104  45:14  Marine  
  105  45:17  Cyclone  
  114  45:31  Marine  
  114  45:32  Marine  
  111  45:43  Liberator x2  
  111  45:47  Thor  
  111  45:49  Marine x2  
  119  46:00  Refinery  
  125  46:07  Marine x2  
  127  46:46  Missile Turret  
  127  47:00  Marine  
  127  47:01  Marine x2  
  129  47:04  Terran Infantry Weapons Level 2  
  129  47:05  Missile Turret  
  129  47:08  Terran Ship Weapons Level 3  
  130  47:18  Marine x2  
  130  47:19  Marine  
  133  47:25  Missile Turret  
  133  47:36  Marine x2  
  133  47:37  Marine  
  136  47:45  Missile Turret  
  136  47:54  Marine x3  
  139  48:05  Viking x2  
  141  48:08  Missile Turret  
  143  48:30  Missile Turret  
  143  48:31  Marine x2  
  143  48:32  Marine  
  146  48:35  Viking  
  146  48:40  Raven  
  150  48:49  Marine x3  
  153  49:07  Marine x3  
  143  49:25  Marine x3  
  144  49:42  Marine  
  144  49:43  Marine x2  
  118  49:56  Orbital Command  
  118  50:00  Marine x2  
  118  50:01  Marine  
  121  50:18  Marine x3  
  109  50:40  Orbital Command  
  90  52:26  SCV  
  91  52:38  SCV  
  88  52:50  SCV  
  86  53:17  Liberator  
  86  53:18  Liberator  
Tags
 
League
Gold
Matchup
TvZ
Spawn Locations
Cross Positions
Add a new tag
Caveats
  • Supply blocks, unpowered buildings, or Contaminate may cause inaccurate times.
  • Supply counts are checked every 10 seconds.